Construct Weapon Support Center
Selects Advanced Infantry Battlegroup
Selects Convert to Ranger Squad
Selects Frontline Medical Station
Frontline Medical Station
Improved M9 Bazooka Rockets
Selects Ammunition Storage
Selects M2A1 105mm Howitzer Emplacement
Selects 155mm Rapid Artillery Barrage
Selects 155mm Rapid Artillery Barrage
155mm Rapid Artillery Barrage
Selects Ranger Weapon Training
Frontline Medical Station
Selects Ranger Weapon Training
155mm Rapid Artillery Barrage
155mm Rapid Artillery Barrage